Map: New Repugnancy LE

Players

jonnnhowss - Winner!

  • Race: Protoss Protoss
  • League: Bronze
  • Spawn Location: 1:00

Throwfordays

  • Race: Protoss Protoss
  • League: Silver
  • Spawn Location: 7:00

VOD

Have the link to the VOD?

Description

Time

  • Played on: Feb. 10, 2019, 8:59 p.m.
  • Length: 3:05
Show
View Real Time Build Order
Export as new Build Order

jonnnhowss Protoss - Winner!

Build Orders:  

Get SALT Encoding   

  12  0:17  Pylon  
  12  0:19  Probe  
  13  0:31  Probe  
  14  0:39  Forge  
  14  0:43  Probe  
  15  1:15  Pylon  
  15  1:39  Pylon  
  14  1:49  Photon Cannon  
  14  1:52  Photon Cannon  
  14  1:54  Pylon  
  14  2:14  Pylon  
  14  2:21  Photon Cannon  
  14  2:28  Photon Cannon  
  14  2:47  Photon Cannon  
  14  2:58  Photon Cannon  
Show
View Real Time Build Order
Export as new Build Order

Throwfordays Protoss 

Build Orders:  

Get SALT Encoding   

  12  0:01  Probe  
  13  0:16  Pylon  
  13  0:18  Probe  
  14  0:30  Probe  
  15  0:42  Probe  
  16  0:44  Gateway  
  16  0:54  Probe  
  17  1:00  Assimilator  
  17  1:07  Probe  
  18  1:19  Probe  
  18  1:20  Gateway  
  19  1:26  Zealot  
  20  1:51  Pylon  
  20  2:02  Zealot  
  22  2:09  Zealot  
  22  2:12  Pylon  
  24  2:28  Zealot  
  26  2:32  Zealot  
Tags
 
Matchup
PvP
Replay Pack
Multiplayer
Spawn Locations
Cross Positions
Add a new tag
Caveats
  • Supply blocks, unpowered buildings, or Contaminate may cause inaccurate times.
  • Supply counts are checked every 10 seconds.